 Dungeon Crawl Stone Soup version 0.29.1-2-gbd0b4ee654 (webtiles) character file.

Game seed: 15927781019220366969

46 Ihaveafatcat the Trooper (level 3, -4/33 HPs)
             Began as a Hill Orc Fighter on Nov 16, 2022.
             Slain by a gnoll
             ... wielding a +0 halberd
              (13 damage)
             ... on level 2 of the Dungeon.
             The game lasted 00:01:28 (1606 turns).

Ihaveafatcat the Trooper (Hill Orc Fighter)         Turns: 1606, Time: 00:01:30

Health: -4/33      AC:  7    Str: 20    XL:     3   Next: 68%
Magic:  3/3        EV:  9    Int:  8    God:
Gold:   96         SH:  4    Dex: 10    Spells: 2/2 levels left

rFire   . . .      SeeInvis .   a - +0 war axe
rCold   . . .      Faith    .   c - +0 buckler
rNeg    . . .      Spirit   .   b - +0 scale mail
rPois   .          Reflect  .   (no helmet)
rElec   .          Harm     .   (no cloak)
rCorr   .          Rampage  .   (no gloves)
Will    .....                   (no boots)
Stlth   ..........              (no amulet)
HPRegen 0.11/turn               (no ring)
MPRegen 0.08/turn               (no ring)

@: silenced
A: no striking features
a: no special abilities


You were on level 2 of the Dungeon.
You visited 1 branch of the dungeon, and saw 2 of its levels.

You collected 96 gold pieces.

Inventory:

Hand Weapons
 a - a +0 war axe (weapon)
Armour
 b - a +0 scale mail (worn)
 c - a +0 buckler (worn)
Scrolls
 f - a scroll of identify
 g - a scroll of fear
 k - a scroll of torment {unknown}
 l - a scroll of teleportation {unknown}
Potions
 d - 2 potions of might
 h - a potion of attraction {unknown}
 i - a potion of mutation {unknown}


   Skills:
 + Level 4.0 Fighting
 + Level 3.8 Axes
 + Level 3.9 Armour
 + Level 3.5 Shields


You had 2 spell levels left.
You didn't know any spells.
Your spell library was empty.

Dungeon Overview and Level Annotations

Branches:
Dungeon (2/15)

Altars:


Message History

You barely miss the goblin.
The goblin is heavily wounded.
You hit the frilled lizard but do no damage.
The frilled lizard barely misses you. The goblin hits you but does no damage.
A rat comes into view.
The frilled lizard closely misses you. The goblin hits you but does no damage.
You are too injured to fight recklessly!
You hit the goblin.
The goblin is severely wounded.
You hit the frilled lizard.
You kill the frilled lizard!
The goblin misses you.
You are too injured to fight recklessly!
You slash the goblin!
You kill the goblin!
You are too injured to fight recklessly!
You hit the endoplasm.
You kill the endoplasm!
You barely miss the gnoll. You block the gnoll's attack.
The hobgoblin barely misses you.
A gnoll comes into view. It is wielding a +0 halberd.
The gnoll hits you with a +0 club.
You are too injured to fight recklessly!
You barely miss the hobgoblin. You barely miss the gnoll.
The gnoll hits you but does no damage.
The hobgoblin hits you but does no damage.
You hit the hobgoblin.
The hobgoblin is moderately wounded.
You hit the gnoll but do no damage. You hit the gnoll.
You block the gnoll's attack. The gnoll hits you but does no damage.
The hobgoblin barely misses you.
You are too injured to fight recklessly!
You hit the hobgoblin.
You kill the hobgoblin!
You hit the gnoll. You closely miss the gnoll.
The gnoll hits you but does no damage. The gnoll barely misses you.
The goblin hits you with a +0 dagger.
* * * LOW HITPOINT WARNING * * *
The gnoll hits you from afar with a +0 halberd!
You die...

...... ......# .......
...)...### .....g...#
......†#w# .......#g#
#####'##g#
#...##@################
.....ggg................
.#.#...r################
#.#.#### ### #. #####..
# #...... #.#.### # .#
########.#.##. . #..##.#
...........##.


You could see 4 gnolls, a dart slug, a goblin and a rat.

Vanquished Creatures
  2 adders (D:2)
  A dart slug (D:2)
  A ball python (D:1)
  5 endoplasms
  3 goblins
  2 hobgoblins (D:2)
  3 jackals (D:1)
  2 kobolds (D:1)
  A bat (D:2)
  3 frilled lizards
  4 rats
27 creatures vanquished.

Notes
Turn   | Place    | Note
-------+----------+-------------------------------------------
     0 | D:1      | Ihaveafatcat the Hill Orc Fighter began the quest for the
                  | Orb.
     0 | D:1      | Reached XP level 1. HP: 19/19 MP: 1/1
   247 | D:1      | Reached XP level 2. HP: 10/27 MP: 2/2
  1353 | D:2      | Reached skill level 4 in Fighting
  1353 | D:2      | Reached XP level 3. HP: 28/33 MP: 3/3
  1606 | D:2      | Slain by a gnoll

Illustrated notes

Levels and vault maps discovered:
D:1:      amcnicky_arrival_abandoned_market, layout_loops_ring, st_stairs_10
D:2:      layout_basic

Skill      XL: |  1  2 |
---------------+-------+-----
Axes           | 3 |  3.8
Fighting       | 4 |  4.0
Armour         | |  3.9
Shields        | |  3.5

Action                   || total
-------------------------++-------
Melee: War axe           ||    75
Throw: Throwing net      ||     1
  Use: Scroll            ||     2
Armor: Scale mail        ||    47
Dodge: Dodged            ||    54
Block: Buckler           ||    17
